[Event "ICC tourney 2246 (120 10)"]
[Site "Internet Chess Club"]
[Date "2020.12.28"]
[Round "5"]
[White "ryan2007"]
[Black "saahilkajarekar"]
[Result "1-0"]
[ICCResult "Black checkmated"]
[WhiteElo "1155"]
[BlackElo "910"]
[Opening "Four knights: Italian variation"]
[ECO "C28"]
[NIC "VG.02"]
[Time "12:01:52"]
[PlyCount "127"]
[TimeControl "7200+10"]

1. e4 e5 2. Bc4 Nf6 3. Nc3 Nc6 4. Nf3 Nxe4 5. Nxe4 d5 6. Bxd5 Qxd5 7. d3
Qd8 8. O-O Be7 9. Bd2 O-O 10. Bc3 Bg4 11. h3 Bxf3 12. Qxf3 Nd4 13. Bxd4
exd4 14. Rab1 f5 15. Nd2 c6 16. Nb3 a5 17. Rfe1 a4 18. Nxd4 Qxd4 19. Rxe7
Rab8 20. Qe3 Qf6 21. Re6 Qf7 22. Re1 Rfc8 23. c4 Kf8 24. Qc5+ Kg8 25. Qe5
Kf8 26. Qd6+ Kg8 27. Re7 Rd8 28. Qe5 Qf6 29. Qe2 Kf8 30. Qh5 h6 31. R1e3
Qxe7 32. Qxf5+ Ke8 33. Rxe7+ Kxe7 34. Qe5+ Kf7 35. Kf1 Ra8 36. Qc7+ Kf8 37.
Qxb7 Rdc8 38. Ke2 Rab8 39. Qa6 Rxb2+ 40. Kd1 Rd8 41. c5 Rxa2 42. Qxc6 Rxd3+
43. Kc1 a3 44. Qc8+ Kf7 45. Qf5+ Ke7 46. Qxd3 Ra1+ 47. Kc2 a2 48. Kb2 Rc1
49. Qe3+ Kd7 50. Qxc1 a1=Q+ 51. Qxa1 Kc6 52. Qa5 g5 53. Qb6+ Kd5 54. c6 h5
55. c7 g4 56. c8=Q gxh3 57. gxh3 h4 58. Qcc5+ Ke4 59. Qe6+ Kf3 60. Qcf5+
Kg2 61. Qeg6+ Kh2 62. Qf4+ Kh1 63. Qf3+ Kh2 64. Qfg2# { Black checkmated }
1-0

[Event "ICC tourney 2246 (120 10)"]
[Site "Internet Chess Club"]
[Date "2020.12.28"]
[Round "5"]
[White "RubyD"]
[Black "leonlunachen"]
[Result "1/2-1/2"]
[ICCResult "Game drawn by mutual agreement"]
[WhiteElo "1122"]
[BlackElo "749"]
[Opening "Sicilian defense"]
[ECO "B40"]
[NIC "SI.43"]
[Time "12:02:17"]
[PlyCount "154"]
[TimeControl "7200+10"]

1. e4 c5 2. Nf3 e6 3. c3 d5 4. exd5 exd5 5. d4 Nc6 6. Bb5 Nf6 7. Qe2+ Qe7
8. Qxe7+ Bxe7 9. Ne5 Bd7 10. Nxd7 Kxd7 11. Be3 Ng4 12. Nd2 Nxe3 13. fxe3 c4
14. O-O Rhf8 15. e4 a6 16. Ba4 b5 17. Bc2 dxe4 18. Bxe4 Rab8 19. Bxh7 g6
20. Rf3 Nd8 21. Raf1 Rh8 22. Rh3 Ke8 23. Ne4 Ne6 24. Nf6+ Bxf6 25. Rxf6 Ng5
26. Re3+ Kf8 27. Bxg6 Kg7 28. Rxa6 fxg6 29. Rg3 Ne4 30. Rgxg6+ Kf7 31. Rg4
Nf6 32. Rf4 Rh6 33. g4 Rg6 34. Kh1 Kg7 35. g5 Nd5 36. Ra7+ Kg8 37. Rf5 Nb6
38. Rxb5 Rg7 39. Ra6 Rgb7 40. h4 Nc8 41. Rxb7 Rxb7 42. Rc6 Ne7 43. Rxc4
Rxb2 44. a4 Rb1+ 45. Kg2 Ra1 46. h5 Kg7 47. Kg3 Rg1+ 48. Kf4 Rf1+ 49. Ke4
Re1+ 50. Kd3 Ra1 51. h6+ Kg6 52. h7 Rh1 53. a5 Rxh7 54. a6 Rh8 55. Rc5 Ra8
56. Ra5 Nc6 57. Ra1 Kxg5 58. Ke4 Nb8 59. Ke5 Nxa6 60. c4 Re8+ 61. Kd6 Rd8+
62. Ke5 Nb4 63. d5 Nd3+ 64. Kd4 Nf4 65. Ra6 Ne2+ 66. Ke5 Nf4 67. d6 Re8+
68. Kd4 Rd8 69. c5 Kf6 70. d7+ Ke7 71. c6 Ne6+ 72. Ke5 Nf8 73. Ra7 Nxd7+
74. Kd5 Ke8 75. Kd6 Nb8+ 76. Kc7 Nxc6 77. Kxc6 Kf8 { Game drawn by mutual
agreement } 1/2-1/2

[Event "ICC tourney 2246 (120 10)"]
[Site "Internet Chess Club"]
[Date "2020.12.28"]
[Round "5"]
[White "DWilston"]
[Black "Platocrates"]
[Result "1-0"]
[ICCResult "Black checkmated"]
[WhiteElo "976"]
[BlackElo "1196"]
[Opening "Ruy Lopez: modern Steinitz defense, Three knights variation"]
[ECO "C62"]
[NIC "RL.02"]
[Time "12:01:47"]
[PlyCount "67"]
[TimeControl "7200+10"]

1. e4 e5 2. Nf3 Nc6 3. Bb5 d6 4. Nc3 a6 5. Ba4 Bd7 6. d3 h6 7. a3 Nf6 8. h3
b5 9. Bb3 Be6 10. Nd5 Na5 11. Nxf6+ gxf6 12. Bxe6 fxe6 13. Bd2 Nc6 14. Qe2
f5 15. O-O-O fxe4 16. dxe4 Qf6 17. Bc3 O-O-O 18. Nd2 d5 19. exd5 exd5 20.
b3 Bxa3+ 21. Kb1 d4 22. Ba1 Nb4 23. c3 Qg6+ 24. Ne4 Nd5 25. cxd4 exd4 26.
Rxd4 Nf4 27. Qc2 Rxd4 28. Bxd4 Qxg2 29. Bxh8 Qxh1+ 30. Ka2 Be7 31. Be5 Nd5
32. Kb2 Qxh3 33. Qc6 Qd7 34. Qa8# { Black checkmated } 1-0

[Event "ICC tourney 2246 (120 10)"]
[Site "Internet Chess Club"]
[Date "2020.12.28"]
[Round "5"]
[White "King230"]
[Black "Rthur"]
[Result "0-1"]
[ICCResult "White checkmated"]
[WhiteElo "1060"]
[BlackElo "802"]
[Opening "Ponziani: Jaenisch counter-attack"]
[ECO "C44"]
[NIC "KP.05"]
[Time "12:01:33"]
[PlyCount "126"]
[TimeControl "7200+10"]

1. e4 e5 2. Nf3 Nc6 3. c3 Nf6 4. d4 exd4 5. e5 Ng8 6. cxd4 d6 7. Be3 dxe5
8. d5 Nce7 9. Qa4+ Bd7 10. Qb3 Ng6 11. Bb5 Nf6 12. Bxd7+ Qxd7 13. Qxb7 Qxd5
14. Qxd5 Nxd5 15. O-O Bd6 16. Nc3 Nxe3 17. fxe3 O-O 18. Ne4 f5 19. Neg5 h6
20. Nh3 Rab8 21. b3 Rb6 22. Rac1 Ra6 23. a4 Rb6 24. Nd2 Rbb8 25. Nf2 e4 26.
Rb1 Ne5 27. Rfc1 Rf6 28. Nd1 g5 29. Nc4 Nd3 30. Rc2 Nb4 31. Rd2 Nd3 32.
Nxd6 Rxd6 33. Nf2 c5 34. Nxd3 exd3 35. Rc1 Rc8 36. b4 c4 37. Rc3 Kf7 38. b5
Ke6 39. a5 Ke5 40. Kf2 Rc5 41. h3 Rc7 42. a6 Rb6 43. Rb2 Ke4 44. Ke1 Kxe3
45. Rf2 f4 46. Rf3+ Kd4 47. Kd2 Rxb5 48. Rc1 Ra5 49. g3 c3+ 50. Kd1 Rd5 51.
gxf4 Rdc5 52. fxg5 hxg5 53. Rg3 d2 54. Rb1 c2+ 55. Kxd2 cxb1=Q 56. Rg4+ Qe4
57. Rxe4+ Kxe4 58. Ke2 R5c6 59. Kf2 Kf4 60. Kg2 Rxa6 61. h4 Rc3 62. hxg5
Ra2+ 63. Kf1 Rc1# { White checkmated } 0-1

[Event "ICC tourney 2246 (120 10)"]
[Site "Internet Chess Club"]
[Date "2020.12.28"]
[Round "5"]
[White "waterycargo"]
[Black "Ldon22"]
[Result "1-0"]
[ICCResult "Black checkmated"]
[WhiteElo "1222"]
[BlackElo "953"]
[Opening "Queen's pawn: London system"]
[ECO "A45"]
[NIC "QP.07"]
[Time "12:01:51"]
[PlyCount "87"]
[TimeControl "7200+10"]

1. d4 Nf6 2. Bf4 g6 3. e3 Bg7 4. Nf3 O-O 5. Be2 Nc6 6. c4 Nh5 7. Bg5 d6 8.
Nc3 Nf6 9. O-O b6 10. Rc1 Bb7 11. b3 Qd7 12. Re1 Rfe8 13. Nb5 a6 14. Nc3 h6
15. Bh4 g5 16. Bg3 Nh5 17. Bf1 Nxg3 18. hxg3 Nd8 19. Bd3 c5 20. dxc5 bxc5
21. Ne4 e5 22. Nxc5 Qe7 23. Nxb7 Nxb7 24. Be4 Rab8 25. Bxb7 Rxb7 26. Qd5 g4
27. Nh4 Bf8 28. Nf5 Qd7 29. e4 Rc8 30. Red1 Rc5 31. Qd3 Rb6 32. Qe3 Kh7 33.
Qxc5 Rc6 34. Qxe5 Qb7 35. Qd5 Qc7 36. Qd2 h5 37. Qg5 Rc5 38. Qxh5+ Kg8 39.
Qxg4+ Kh7 40. f3 Qb6 41. Kf1 Qc7 42. Ke2 d5 43. Rh1+ Bh6 44. Rxh6# { Black
checkmated } 1-0

[Event "ICC tourney 2246 (120 10)"]
[Site "Internet Chess Club"]
[Date "2020.12.28"]
[Round "5"]
[White "chessrdu20"]
[Black "e4h5"]
[Result "0-1"]
[ICCResult "White checkmated"]
[WhiteElo "1074"]
[BlackElo "1239"]
[Opening "Sicilian: closed"]
[ECO "B23"]
[NIC "SI.44"]
[Time "12:01:51"]
[PlyCount "90"]
[TimeControl "7200+10"]

1. e4 c5 2. Nc3 d6 3. Bc4 e6 4. Nf3 Ne7 5. Qe2 Nbc6 6. d3 g6 7. O-O Bg7 8.
Bd2 O-O 9. Rfe1 a6 10. Rab1 Rb8 11. Nd1 b5 12. Bb3 a5 13. a3 a4 14. Ba2 b4
15. axb4 cxb4 16. b3 a3 17. c3 bxc3 18. Bxc3 Qc7 19. Bxg7 Kxg7 20. Ne3 Ba6
21. Qc2 Qd7 22. Red1 Nb4 23. Qe2 Rfc8 24. h3 Rc3 25. Ne1 Qc7 26. Kh1 Nec6
27. Rd2 Ne5 28. Rbd1 Nxa2 29. Rxa2 Rbxb3 30. Rad2 Qb7 31. Kg1 Rb2 32. Rxb2
Qxb2 33. Qf1 a2 34. N1c2 Bxd3 35. Rxd3 Nxd3 36. Nd1 Qxc2 37. Nxc3 Qxc3 38.
Qe2 a1=Q+ 39. Kh2 Qae1 40. Qf3 Qxf2 41. Qd1 Qf4+ 42. g3 Qf2+ 43. Kh1 Qce1+
44. Qxe1 Nxe1 45. e5 Qg2# { White checkmated } 0-1

[Event "ICC tourney 2246 (120 10)"]
[Site "Internet Chess Club"]
[Date "2020.12.28"]
[Round "5"]
[White "thanhcaptures"]
[Black "aWildNateDawg"]
[Result "0-1"]
[ICCResult "White checkmated"]
[WhiteElo "1197"]
[BlackElo "1109"]
[Opening "King's pawn game"]
[ECO "C50"]
[NIC "IG.03"]
[Time "12:02:06"]
[PlyCount "132"]
[TimeControl "7200+10"]

1. e4 e5 2. Nf3 Nc6 3. Bc4 h6 4. O-O Nf6 5. Nc3 Be7 6. d4 exd4 7. Nxd4 Nxd4
8. Qxd4 d6 9. b4 O-O 10. Re1 c5 11. bxc5 dxc5 12. Qxd8 Rxd8 13. Nd5 Nxd5
14. Bxd5 Bd6 15. Be3 Rb8 16. Rab1 b6 17. Rb3 Bd7 18. f4 Bc7 19. Kf2 Re8 20.
Ra3 a5 21. c4 Red8 22. Rd1 Bc8 23. Rad3 Ba6 24. e5 Kf8 25. e6 fxe6 26. Bxe6
Rxd3 27. Rxd3 Rd8 28. Ke2 Re8 29. f5 Rxe6 30. fxe6 Bxc4 31. g3 Ke7 32. Kd2
Bxd3 33. Kxd3 Kxe6 34. Kc4 Kf5 35. Kb5 Ke4 36. Bc1 Kd3 37. Bb2 g5 38. Bg7
h5 39. Bf6 g4 40. Kc6 Bb8 41. Kxb6 c4 42. Kxa5 c3 43. Bg5 c2 44. Ka4 Ke2
45. Kb3 Kd1 46. Kb2 Be5+ 47. Kb3 c1=Q 48. Bxc1 Kxc1 49. Kc4 h4 50. gxh4
Bxh2 51. h5 Bf4 52. Kd3 Kd1 53. Ke4 Bd2 54. a4 Ke2 55. a5 g3 56. h6 Bxh6
57. a6 g2 58. Kd4 Be3+ 59. Kd5 g1=Q 60. Kc6 Qg6+ 61. Kb7 Qb6+ 62. Kc8 Qxa6+
63. Kd8 Qb7 64. Ke8 Bc5 65. Kd8 Bd6 66. Ke8 Qe7# { White checkmated } 0-1

[Event "ICC tourney 2246 (120 10)"]
[Site "Internet Chess Club"]
[Date "2020.12.28"]
[Round "5"]
[White "traycon"]
[Black "cfetteroll"]
[Result "0-1"]
[ICCResult "White resigns"]
[WhiteElo "857"]
[BlackElo "1275"]
[Opening "English: four knights system"]
[ECO "A28"]
[NIC "EO.08"]
[Time "12:01:55"]
[PlyCount "102"]
[TimeControl "7200+10"]

1. c4 e5 2. Nc3 Nf6 3. Nf3 Nc6 4. d4 exd4 5. Nxd4 Nxd4 6. Qxd4 Bb4 7. Bg5
h6 8. Bxf6 Qxf6 9. Qxf6 gxf6 10. e3 d6 11. Be2 Rg8 12. Bf3 c6 13. O-O Bxc3
14. bxc3 Be6 15. Rfd1 O-O-O 16. Rd4 Rg5 17. Rad1 Kc7 18. h4 Rc5 19. Be2 d5
20. a4 Rd7 21. cxd5 Rdxd5 22. Rxd5 Rxd5 23. Rxd5 Bxd5 24. e4 Bxe4 25. c4
Kb6 26. Bh5 Bg6 27. Bg4 Kc5 28. Be2 Kb4 29. g4 Kxa4 30. f4 Bc2 31. g5 hxg5
32. fxg5 fxg5 33. h5 b5 34. h6 b4 35. Bd1 b3 36. Kf2 Kb4 37. Ke2 Kc3 38.
Bxc2 bxc2 39. h7 Kxc4 40. h8=Q c1=Q 41. Qh7 Qb2+ 42. Kf3 Qf6+ 43. Kg4 Qf4+
44. Kh3 Qh4+ 45. Qxh4+ gxh4 46. Kxh4 a5 47. Kg3 a4 48. Kf3 Kc3 49. Ke2 Kc2
50. Ke3 a3 51. Ke4 a2 { White resigns } 0-1

[Event "ICC tourney 2246 (120 10)"]
[Site "Internet Chess Club"]
[Date "2020.12.28"]
[Round "5"]
[White "kitook"]
[Black "jayburd56"]
[Result "1/2-1/2"]
[ICCResult "Game drawn by mutual agreement"]
[WhiteElo "426"]
[BlackElo "1298"]
[Opening "Caro-Kann: exchange variation"]
[ECO "B13"]
[NIC "CK.02"]
[Time "12:02:26"]
[PlyCount "96"]
[TimeControl "7200+10"]

1. e4 c6 2. d4 d5 3. exd5 cxd5 4. Bd3 Nc6 5. Nf3 Bg4 6. Be3 e6 7. h3 Bxf3
8. Qxf3 Nf6 9. O-O Bd6 10. Nc3 a6 11. Rfe1 O-O 12. Bg5 Be7 13. Bxf6 Bxf6
14. Rad1 Nxd4 15. Qg3 Rc8 16. Ne2 Nxc2 17. Rf1 Nb4 18. Qf4 Nxd3 19. Rxd3
Rc2 20. Nd4 Rxb2 21. Qc1 Bxd4 22. Rxd4 Qb6 23. Rfd1 e5 24. R4d2 Rxd2 25.
Rxd2 Qd6 26. a4 d4 27. Qc2 Qd7 28. Qe4 f6 29. Rb2 b5 30. axb5 axb5 31. Qd3
Rb8 32. Qb3+ Qf7 33. Qb4 d3 34. Qd6 e4 35. Qxb8+ Qf8 36. Qxb5 Qc8 37. Qd5+
Kh8 38. Rb1 h6 39. Qd6 Qc2 40. Qb8+ Kh7 41. Rb2 Qc1+ 42. Kh2 d2 43. Rb1
d1=Q 44. Rxc1 Qxc1 45. Qe8 Qf4+ 46. Kg1 Qc1+ 47. Kh2 Qf4+ 48. Kh1 Qc1+ {
Game drawn by mutual agreement } 1/2-1/2

[Event "ICC tourney 2246 (120 10)"]
[Site "Internet Chess Club"]
[Date "2020.12.28"]
[Round "5"]
[White "Eleyn"]
[Black "oliver-kc"]
[Result "1-0"]
[ICCResult "Black checkmated"]
[WhiteElo "1053"]
[BlackElo "794"]
[Opening "Sicilian"]
[ECO "B54"]
[NIC "SI.01"]
[Time "12:02:00"]
[PlyCount "81"]
[TimeControl "7200+10"]

1. e4 c5 2. Nf3 d6 3. d4 cxd4 4. Nxd4 g6 5. Nc3 Bg7 6. Bc4 Nf6 7. O-O O-O
8. Be3 Nbd7 9. f4 Nc5 10. Bd3 Bg4 11. Qe1 e5 12. Nf3 Rc8 13. fxe5 Nxd3 14.
cxd3 dxe5 15. Nxe5 Qa5 16. d4 b5 17. Bg5 b4 18. Bxf6 Bxf6 19. Rxf6 bxc3 20.
bxc3 Bh5 21. c4 Qd8 22. Qf2 Rc7 23. d5 g5 24. d6 Rc5 25. Qf5 Bg6 26. Qxg5
Qb6 27. Kh1 Qb2 28. Rd1 Qxe5 29. Rf5 Qxe4 30. Rxc5 Qe2 31. Qd2 Qe6 32. Re1
Qf6 33. d7 Qb6 34. Rc8 Qb7 35. Rxf8+ Kxf8 36. d8=Q+ Kg7 37. Q2d4+ f6 38.
Re7+ Kh6 39. Rxb7 Bh5 40. Q8xf6+ Bg6 41. Qdh4# { Black checkmated } 1-0

[Event "ICC tourney 2246 (120 10)"]
[Site "Internet Chess Club"]
[Date "2020.12.28"]
[Round "5"]
[White "MatthewDiao"]
[Black "DaveGriffin"]
[Result "1-0"]
[ICCResult "Black resigns"]
[WhiteElo "1178"]
[BlackElo "1124"]
[Opening "Queen's pawn: Keres defense"]
[ECO "A40"]
[NIC "QO.17"]
[Time "12:01:49"]
[PlyCount "107"]
[TimeControl "7200+10"]

1. d4 e6 2. c4 b6 3. Nc3 Bb4 4. e3 Bxc3+ 5. bxc3 Bb7 6. Nf3 f5 7. Be2 Nf6
8. Bb2 O-O 9. O-O Qe8 10. Rc1 d6 11. Ba3 Nbd7 12. Re1 Qg6 13. Kh1 Ne4 14.
Rf1 Ndf6 15. h3 Qh6 16. Ng1 Ng5 17. Kh2 c5 18. f3 Rad8 19. Bd3 Bc8 20. Qc2
Nh5 21. f4 Nf7 22. Nf3 Nf6 23. Qe2 Rde8 24. Nd2 Bb7 25. e4 fxe4 26. Nxe4
Nxe4 27. Bxe4 d5 28. Bd3 Nd6 29. dxc5 Nxc4 30. Bxc4 dxc4 31. c6 Bxc6 32.
Bxf8 Rxf8 33. Qxc4 Bd5 34. Qd4 Qg6 35. Rf2 Rc8 36. Re1 Rc4 37. Qe5 h6 38.
Ree2 Qf6 39. f5 Qxe5+ 40. Rxe5 Rc6 41. g4 a5 42. h4 b5 43. g5 hxg5 44. hxg5
g6 45. fxe6 Bxe6 46. Rf6 Rxc3 47. Rfxe6 Rc2+ 48. Kg3 Rc3+ 49. Kf2 Rc2+ 50.
Re2 Rxe2+ 51. Kxe2 Kf7 52. Rf6+ Kg7 53. Rb6 b4 54. Ra6 { Black resigns }
1-0

[Event "ICC tourney 2246 (120 10)"]
[Site "Internet Chess Club"]
[Date "2020.12.28"]
[Round "5"]
[White "ThorGodOfBlitz"]
[Black "varunprabhu"]
[Result "1-0"]
[ICCResult "Black checkmated"]
[WhiteElo "1130"]
[BlackElo "644"]
[Opening "Hungarian defense"]
[ECO "C50"]
[NIC "IG.03"]
[Time "12:02:00"]
[PlyCount "129"]
[TimeControl "7200+10"]

1. e4 e5 2. Nf3 Nc6 3. Bc4 Be7 4. O-O Nf6 5. d3 d6 6. Nc3 O-O 7. Be3 Bd7 8.
Nd5 a6 9. Nxe7+ Qxe7 10. Bg5 b5 11. Bd5 h6 12. Bh4 Rae8 13. c3 Na7 14. d4
c6 15. Bb3 c5 16. dxe5 dxe5 17. Bxf6 gxf6 18. Qd2 c4 19. Bc2 Kg7 20. Rad1
Rd8 21. Qe3 Nc6 22. Nh4 Rh8 23. Qg3+ Kf8 24. Nf5 Bxf5 25. exf5 Rg8 26. Qf3
Nb8 27. Qe3 Rh8 28. Rfe1 Rxd1 29. Rxd1 Kg7 30. Qg3+ Kh7 31. Qe3 Qb7 32.
Qxe5 Rg8 33. Qe4 Qxe4 34. Bxe4 Re8 35. f3 h5 36. Kf2 Re7 37. Kg3 Kh6 38.
Kh4 Nd7 39. Rd6 a5 40. Rd5 b4 41. Rxa5 bxc3 42. bxc3 Ne5 43. Rd5 Nd7 44. a4
Nb6 45. Ra5 Nc8 46. Ra6 Kg7 47. Kxh5 Re8 48. Kg4 Rg8 49. h4 Kh6+ 50. Kh3
Kg7 51. Ra8 Nb6 52. Rxg8+ Kxg8 53. a5 Na4 54. a6 Nc5 55. a7 Nxe4 56. fxe4
Kf8 57. a8=Q+ Ke7 58. Qa4 Kf8 59. Qxc4 Ke7 60. Kg4 Kf8 61. e5 fxe5 62. f6
Kg8 63. Qc8+ Kh7 64. Qf8 Kg6 65. Qg7# { Black checkmated } 1-0

[Event "ICC tourney 2246 (120 10)"]
[Site "Internet Chess Club"]
[Date "2020.12.28"]
[Round "5"]
[White "EChessPlayer"]
[Black "raadix028"]
[Result "0-1"]
[ICCResult "White checkmated"]
[WhiteElo "1063"]
[BlackElo "819"]
[Opening "French: Tarrasch, open variation"]
[ECO "C07"]
[NIC "FR.18"]
[Time "12:01:51"]
[PlyCount "110"]
[TimeControl "7200+10"]

1. e4 e6 2. d4 d5 3. Nd2 c5 4. c3 Nc6 5. Ngf3 Qb6 6. exd5 exd5 7. Nb3 Nf6
8. Qe2+ Be6 9. Ng5 Nd8 10. dxc5 Bxc5 11. Nxc5 Qxc5 12. Nxe6 Nxe6 13. g3 O-O
14. Bg2 Rfe8 15. O-O Nf4 16. Qf3 Nxg2 17. Qxg2 a5 18. Bg5 Ne4 19. Be3 Qc6
20. Bd4 f6 21. b3 Rad8 22. Rfe1 b5 23. a3 Nd2 24. b4 Nb3 25. Rab1 Nxd4 26.
cxd4 Rxe1+ 27. Rxe1 axb4 28. axb4 Qc4 29. Re7 Qxb4 30. Rb7 Qxd4 31. Rxb5
Qd1+ 32. Qf1 Qxf1+ 33. Kxf1 g5 34. Rb7 h5 35. Ke2 Re8+ 36. Kd3 Re4 37. Rb5
Re5 38. Kd4 Re2 39. f4 gxf4 40. gxf4 Rxh2 41. Kxd5 Kg7 42. Ke6 Kg6 43. Rf5
Re2+ 44. Re5 fxe5 45. fxe5 h4 46. Kd6 h3 47. e6 h2 48. e7 h1=Q 49. Kd7 Qh7
50. Kd6 Qxe7+ 51. Kd5 Rd2+ 52. Kc4 Qc7+ 53. Kb3 Rd8 54. Kb4 Rb8+ 55. Ka4
Qa7# { White checkmated } 0-1

[Event "ICC tourney 2246 (120 10)"]
[Site "Internet Chess Club"]
[Date "2020.12.28"]
[Round "5"]
[White "sunnypatelsp"]
[Black "Deanmoon32"]
[Result "0-1"]
[ICCResult "White checkmated"]
[WhiteElo "1163"]
[BlackElo "974"]
[Opening "King's pawn game"]
[ECO "C50"]
[NIC "IG.03"]
[Time "12:01:34"]
[PlyCount "132"]
[TimeControl "7200+10"]

1. e4 e5 2. Nf3 Nc6 3. Bc4 h6 4. Nc3 Nf6 5. d4 exd4 6. Nxd4 Nxd4 7. Qxd4
Bb4 8. Bxf7+ Kxf7 9. Qxb4 Rf8 10. Qc4+ d5 11. exd5 Qe7+ 12. Be3 Ke8 13.
O-O-O b6 14. Qc6+ Bd7 15. Qxa8+ Kf7 16. Qxa7 Kg8 17. Qxc7 Qe8 18. Bxb6 Qf7
19. f3 Ne8 20. Qc4 Qg6 21. Bc5 Nd6 22. Bxd6 Qxd6 23. Ne4 Qe5 24. Nc5 Rc8
25. Nxd7 Qe3+ 26. Kb1 Rxc4 27. b3 Rc7 28. Nb8 Qe2 29. c4 Ra7 30. a4 Rb7 31.
Kc1 Rxb8 32. Rhe1 Qa2 33. Re3 Rxb3 34. Rxb3 Qxb3 35. d6 Qxc4+ 36. Kd2 Qxa4
37. Ke1 Qd7 38. Kf2 Kf8 39. g4 Ke8 40. Kg3 Kd8 41. Kf2 Qa7+ 42. Ke2 Kd7 43.
Rd2 Qg1 44. Kd3 Kxd6 45. h4 Qf1+ 46. Ke3+ Ke6 47. Re2 Kf7 48. Rf2 Qc1+ 49.
Ke2 g6 50. f4 Qh1 51. f5 Qxh4 52. g5 hxg5 53. fxg6+ Kxg6 54. Kf1 g4 55. Kg1
g3 56. Rc2 Qd4+ 57. Kf1 Qd1+ 58. Kg2 Qxc2+ 59. Kxg3 Qf5 60. Kg2 Qf4 61. Kh3
Qg5 62. Kh2 Qg4 63. Kh1 Kf5 64. Kh2 Kf4 65. Kh1 Kf3 66. Kh2 Qg2# { White
checkmated } 0-1

[Event "ICC tourney 2246 (120 10)"]
[Site "Internet Chess Club"]
[Date "2020.12.28"]
[Round "5"]
[White "auggie29"]
[Black "gauravgupta"]
[Result "0-1"]
[ICCResult "White checkmated"]
[WhiteElo "1095"]
[BlackElo "1164"]
[Opening "Sicilian: Hungarian variation"]
[ECO "B34"]
[NIC "SI.43"]
[Time "12:01:33"]
[PlyCount "126"]
[TimeControl "7200+10"]

1. e4 c5 2. Nf3 g6 3. d4 cxd4 4. Nxd4 Bg7 5. Be3 Nc6 6. Nc3 Nf6 7. f3 a6 8.
Qd2 Nxd4 9. Bxd4 d6 10. O-O-O Be6 11. e5 dxe5 12. Bxe5 Qxd2+ 13. Rxd2 O-O
14. g3 Rfd8 15. Rxd8+ Rxd8 16. Bg2 b5 17. a3 h5 18. f4 Nd7 19. Bxg7 Kxg7
20. Bb7 Nc5 21. Be4 Nxe4 22. Nxe4 a5 23. Rd1 Rc8 24. Rd4 Bf5 25. Nc3 f6 26.
Rd2 Rc5 27. Rd5 Rxd5 28. Nxd5 e5 29. fxe5 fxe5 30. Kd2 g5 31. b3 a4 32.
bxa4 bxa4 33. c4 Bd7 34. Ke3 Kf7 35. Ke4 Ke6 36. Nc7+ Kd6 37. Nb5+ Kc5 38.
Kxe5 Kxc4 39. Nd4 Kc3 40. Ke4 Kb2 41. Kd3 Kxa3 42. Kc3 Ka2 43. Kc2 a3 44.
Kc1 Be8 45. Nc2 Bg6 46. Nxa3 Kxa3 47. Kd2 Kb4 48. Ke3 Kc5 49. Kf3 Kd5 50.
Kg2 Ke4 51. h3 Ke3 52. g4 hxg4 53. Kg3 gxh3 54. Kxh3 Kf4 55. Kg2 g4 56. Kf2
g3+ 57. Kg2 Bf7 58. Kf1 Kf3 59. Kg1 g2 60. Kh2 Kf2 61. Kh3 g1=Q 62. Kh4 Kf3
63. Kh3 Qg3# { White checkmated } 0-1

[Event "ICC tourney 2246 (120 10)"]
[Site "Internet Chess Club"]
[Date "2020.12.28"]
[Round "6"]
[White "jhong2"]
[Black "caracleliem2"]
[Result "0-1"]
[ICCResult "White checkmated"]
[WhiteElo "1256"]
[BlackElo "1152"]
[Opening "QGD semi-Slav: Meran, 8...a6"]
[ECO "D48"]
[NIC "SL.09"]
[Time "17:16:22"]
[PlyCount "30"]
[TimeControl "7200+10"]

1. Nf3 d5 2. c4 Nf6 3. Nc3 c6 4. d4 e6 5. e3 Nbd7 6. Bd3 dxc4 7. Bxc4 b5 8.
Bd3 a6 9. O-O Bd6 10. e4 e5 11. Bg5 h6 12. Bxf6 Qxf6 13. dxe5 Nxe5 14. Nxe5
Qxe5 15. Qf3 Qxh2# { White checkmated } 0-1

[Event "ICC tourney 2246 (120 10)"]
[Site "Internet Chess Club"]
[Date "2020.12.28"]
[Round "6"]
[White "Karloschess"]
[Black "mukeshietk"]
[Result "1-0"]
[ICCResult "Black checkmated"]
[WhiteElo "478"]
[BlackElo "100"]
[Opening "Scandinavian (center counter) defense"]
[ECO "B01"]
[NIC "VO.17"]
[Time "17:16:28"]
[PlyCount "73"]
[TimeControl "7200+10"]

1. e4 d5 2. exd5 Qxd5 3. Nf3 Qe6+ 4. Be2 b6 5. O-O Ba6 6. Nc3 Bb7 7. d3 Na6
8. d4 O-O-O 9. h3 Bxf3 10. Bxf3 Qd7 11. Bg4 e6 12. d5 c5 13. dxe6 fxe6 14.
Qe2 Bd6 15. Bxe6 Qxe6 16. Qxe6+ Rd7 17. Qe1 Nb8 18. Nb5 Bc7 19. Nxc7 Rxc7
20. Bf4 Rf7 21. Bxb8 Kxb8 22. Qe8+ Kc7 23. Qxf7+ Ne7 24. Qxe7+ Kc8 25. Rad1
b5 26. Qd7+ Kb8 27. Qxb5+ Kc8 28. Rfe1 a6 29. Qd7+ Kb8 30. Re8+ Rxe8 31.
Qxe8+ Kb7 32. Rd7+ Kb6 33. Qb8+ Ka5 34. Rd5 g5 35. Rd6 h6 36. Qb7 Ka4 37.
Rxa6# { Black checkmated } 1-0

[Event "ICC tourney 2246 (120 10)"]
[Site "Internet Chess Club"]
[Date "2020.12.28"]
[Round "6"]
[White "Agabus"]
[Black "nikhilramkumar"]
[Result "1-0"]
[ICCResult "Black checkmated"]
[WhiteElo "1145"]
[BlackElo "830"]
[Opening "Richter-Veresov attack"]
[ECO "D01"]
[NIC "QP.07"]
[Time "17:17:02"]
[PlyCount "51"]
[TimeControl "7200+10"]

1. d4 Nf6 2. Nc3 d5 3. Bg5 h6 4. Bxf6 exf6 5. f3 Bb4 6. Qd3 O-O 7. a3 Bxc3+
8. Qxc3 Nc6 9. O-O-O Bf5 10. g4 Bh7 11. Bg2 f5 12. gxf5 Qg5+ 13. f4 Qxg2
14. Nf3 Qh3 15. Rhg1 Qxf5 16. e3 Qe4 17. Rg3 Rfe8 18. Ne5 Nxe5 19. dxe5 c6
20. Rdg1 Bg6 21. h4 h5 22. Rg5 Rac8 23. f5 Bxf5 24. Rxg7+ Kf8 25. Qc5+ Re7
26. Rg8# { Black checkmated } 1-0

[Event "ICC tourney 2246 (120 10)"]
[Site "Internet Chess Club"]
[Date "2020.12.28"]
[Round "6"]
[White "Anichess2009"]
[Black "King230"]
[Result "1-0"]
[ICCResult "Black checkmated"]
[WhiteElo "812"]
[BlackElo "1060"]
[Opening "Scandinavian (center counter) defense"]
[ECO "B01"]
[NIC "SD.02"]
[Time "17:16:42"]
[PlyCount "143"]
[TimeControl "7200+10"]

1. e4 d5 2. exd5 Qxd5 3. Nc3 Qe5+ 4. Qe2 Qxe2+ 5. Bxe2 Nc6 6. Nd5 Rb8 7.
Nxc7+ Kd8 8. Nd5 Nd4 9. Bd3 Bf5 10. Bxf5 Nxf5 11. Nf3 e6 12. Nc3 Nf6 13. d3
Bc5 14. Ne4 Nxe4 15. dxe4 Nd4 16. Nxd4 Bxd4 17. c3 Be5 18. Bg5+ f6 19. Be3
b6 20. O-O-O+ Ke7 21. f4 Bc7 22. g3 Rhd8 23. Rxd8 Rxd8 24. Rd1 Rc8 25. a3
a5 26. h4 h5 27. Bd4 b5 28. Bc5+ Kf7 29. Rd7+ Kg6 30. Bd6 Bxd6 31. Rxd6 Kf7
32. Rd7+ Kg6 33. Re7 e5 34. fxe5 Rc6 35. exf6 Rxf6 36. Rd7 Rf3 37. Rd6+ Kh7
38. Rd5 Rxg3 39. Rxh5+ Kg6 40. Rxb5 Re3 41. Rxa5 Rxe4 42. Ra6+ Kh7 43. h5
Re1+ 44. Kd2 Rh1 45. Ra5 Rh2+ 46. Kc1 Kh6 47. Kb1 Rh4 48. Kc2 Rg4 49. Kb3
Rg3 50. Kb4 Rg2 51. b3 Rg3 52. c4 Rg4 53. Rd5 Rf4 54. a4 Rf8 55. a5 Rb8+
56. Rb5 Ra8 57. Rd5 Rb8+ 58. Ka4 Ra8 59. b4 Ra7 60. b5 Ra8 61. b6 Ra6 62.
Kb5 Ra8 63. b7 Rb8 64. a6 Re8 65. Rc5 Rb8 66. Rc8 Rxc8 67. bxc8=Q Kxh5 68.
a7 g6 69. a8=Q g5 70. Qh1+ Kg6 71. Qe6+ Kg7 72. Qhh6# { Black checkmated }
1-0

[Event "ICC tourney 2246 (120 10)"]
[Site "Internet Chess Club"]
[Date "2020.12.28"]
[Round "6"]
[White "thomasguchess"]
[Black "LittlePawn135"]
[Result "0-1"]
[ICCResult "White checkmated"]
[WhiteElo "631"]
[BlackElo "742"]
[Opening "Ruy Lopez: old Steinitz defense"]
[ECO "C62"]
[NIC "RL.02"]
[Time "17:16:18"]
[PlyCount "40"]
[TimeControl "7200+10"]

1. e4 e5 2. Nf3 Nc6 3. Bb5 d6 4. d4 exd4 5. Nxd4 Bd7 6. Nxc6 Bxc6 7. Bxc6+
bxc6 8. O-O Nf6 9. Nc3 Be7 10. Re1 O-O 11. Qe2 Qd7 12. e5 dxe5 13. Qxe5 Bd6
14. Qd4 Bxh2+ 15. Kxh2 Qxd4 16. Be3 Qh4+ 17. Kg1 Ng4 18. g3 Qh3 19. Bf4
Qh2+ 20. Kf1 Qxf2# { White checkmated } 0-1